 Dungeon Crawl Stone Soup version 0.24.0-13-gcf9b3192b9 (webtiles) character file.

Game seed: 17356667223143132502, levelgen mode: deterministic

6293 Metae the Protected (level 10, -2/96 HPs)
             Began as a Minotaur Fighter on Nov 7, 2019.
             Was an Elder of Okawaru.
             Killed from afar by Jorgrun (24 damage)
             ... with an iron shot
             ... on level 1 of the Orcish Mines.
             The game lasted 01:05:20 (9274 turns).

Metae the Protected (Minotaur Fighter)              Turns: 9274, Time: 01:05:20

Health: -2/96      AC: 31    Str: 28    XL:     10   Next: 63%
Magic:  14/14      EV:  8    Int:  5    God:    Okawaru [****..]
Gold:   617        SH:  7    Dex: 10    Spells: 9/9 levels left

rFire    . . .     SeeInvis .   a - +1 mace (drain)
rCold    . . .     Gourm    .   v - +2 buckler {AC+3}
rNeg     . . .     Faith    .   n - +1 crystal plate armour
rPois    +         Spirit   .   (helmet restricted)
rElec    .         Reflect  .   (no cloak)
rCorr    .         Harm     +   x - +1 pair of gloves
MR       .....                  (no boots)
Stlth    ..........             D - amulet of harm
HPRegen  0.26/turn              C - ring of poison resistance
MPRegen  0.14/turn              y - +4 ring of strength

@: heroism
A: retaliatory headbutt, horns 2
a: Heroism, Renounce Religion


You were on level 1 of the Orcish Mines.
You worshipped Okawaru.
Okawaru was greatly pleased with you.
You were not hungry.

You visited 2 branches of the dungeon, and saw 10 of its levels.
You also visited: Volcano.

You collected 774 gold pieces.
You spent 157 gold pieces at shops.

Inventory:

Hand Weapons
 a - a +1 mace of draining (weapon)
 b - a +2 flail of protection
 J - the +2 rapier of Cowardice {holy, rElec rF+ Int-5}
   (You found it on level 8 of the Dungeon)

   It has been blessed by the Shining One to cause great damage to the undead
   and demons.
   It affects your intelligence (-5).
   It protects you from fire.
   It insulates you from electricity.
 K - a +0 hunting sling
 L - a +3 whip of draining
Missiles
 h - 12 sling bullets
 j - 169 stones (quivered)
Armour
 c - a +0 shield
 n - a +1 crystal plate armour (worn)
 u - a +4 ring mail
 v - a +2 buckler of protection (worn)
 x - a +1 pair of gloves (worn)
Jewellery
 r - an uncursed ring of fire
 y - a +4 ring of strength (right hand)
 C - a ring of poison resistance (left hand)
 D - an amulet of harm (around neck)
Scrolls
 g - 2 scrolls of amnesia
 i - a scroll of summoning {unknown}
 k - a scroll of teleportation
 l - 12 scrolls of remove curse
 o - 6 scrolls of identify
 p - 2 scrolls of immolation
 z - a scroll of vulnerability {unknown}
 B - a scroll of enchant armour
 G - a scroll of noise {unknown}
 H - 2 scrolls of fear
Potions
 d - 2 potions of might
 e - 2 potions of brilliance
 m - a potion of flight
 q - 5 potions of heal wounds
 s - a potion of haste
 A - a potion of degeneration {unknown}
 E - a potion of cancellation {unknown}
 F - a potion of resistance {unknown}
 I - 5 potions of curing
Comestibles
 f - 8 rations


   Skills:
 - Level 11.3(16.3) Fighting
 + Level 5.3(10.3) Short Blades
   Level 2.4(7.4) Polearms
 + Level 12.0(17.0) Armour
 - Level 3.6(8.6) Shields
 + Level 7.5 Invocations


You had 9 spell levels left.
You didn't know any spells.
Your spell library contained the following spells:

 Spells                   Type           Power        Failure   Level  Hunger
 Freeze                   Ice            #...         100%        1    ##.....
 Shock                    Conj/Air       #...         100%        1    ##.....
 Corpse Rot               Necr           N/A          100%        2    ###....
 Sublimation of Blood     Necr           #.........   100%        2    ###....
 Swiftness                Chrm/Air       #.......     100%        2    ###....
 Throw Frost              Conj/Ice       #.....       100%        2    ###....
 Ozocubu's Armour         Chrm/Ice       #.......     100%        3    ####...
 Static Discharge         Conj/Air       #.......     100%        3    ####...
 Airstrike                Air            #.........   100%        4    #####..
 Summon Ice Beast         Ice/Summ       #.......     100%        4    #####..
 Throw Icicle             Conj/Ice       #.......     100%        4    #####..
 Agony                    Necr           #.......     100%        5    ######.
 Bolt of Draining         Conj/Necr      #.........   100%        5    ######.
 Dispel Undead            Necr           #.......     100%        5    ######.
 Excruciating Wounds      Chrm/Necr      #.........   100%        5    ######.
 Lightning Bolt           Conj/Air       #.........   100%        5    ######.


Dungeon Overview and Level Annotations

Branches:
Dungeon (9/15)             Temple (0/1) D:7             Orc (1/2) D:9
Volcano (visited)
   Lair: D:8-11

Altars:
Cheibriados
Dithmenos
Gozag
Okawaru
Sif Muna
Vehumet
Zin
The Shining One
Beogh

Shops:
D:4 *

Annotations:
D:6 2 transporters, Daviar's ghost, novice OpHu
D:9 2 transporters, Matador8's ghost, novice NaFE
Orc:1 Jorgrun


Innate Abilities, Weirdness & Mutations

You reflexively headbutt those who attack you in melee.
You have a pair of horns on your head.


Message History

You closely miss Jorgrun.
Jorgrun is moderately wounded.
Jorgrun says, "'tis place shall be yer tomb!"
Jorgrun hits you but does no damage.
You miss Jorgrun. Your headbutt misses Jorgrun.
Jorgrun is moderately wounded.
Jorgrun says, "'tis place shall be yer tomb!"
Jorgrun hits you but does no damage.
Jorgrun points at you and mumbles some strange words.
The wall shatters!
The blast of rock fragments hits you but does no damage.
You closely miss Jorgrun. Your headbutt misses Jorgrun.
Jorgrun is moderately wounded.
Jorgrun hits you with an uncursed staff of earth.
* * * LOW HITPOINT WARNING * * *
You sock Jorgrun! You drain Jorgrun. Your headbutt misses Jorgrun.
Jorgrun is moderately wounded.
Jorgrun casts a spell at you. The iron shot hits you!!
You die...

### ### ..## ###.## ...
####....# ..#
##.#.....#### ..#
#.........#.####g.#
##...........##@..#
##.................#
#................#.#
##.....#.....##..#..#
##.......#...#.......##
##..#.........##........
#...#...#......#........
..........≈...........#.
.......#.≈≈.............


You could see Jorgrun.

Vanquished Creatures
  Harold (D:7)
  A hydra (D:8)
  A cyclops (Orc:1)
  A troll (D:8)
  A hippogriff (D:7)
  2 hungry ghosts (D:7)
  6 orc warriors
  2 ice beasts
  A phantom (D:5)
  A black bear (D:6)
  6 ogres
  6 centaurs
  2 bullfrogs
  2 howler monkeys (D:7)
  8 crimson imps
  2 bullfrog zombies
  A centaur zombie (D:8)
  A quasit (D:8)
  8 orc priests
  3 hounds
  3 bullfrog skeletons
  2 jellies
  A gnoll shaman (D:7)
  13 orc wizards
  6 worker ants
  A killer bee zombie (D:8)
  A worker ant zombie (D:7)
  8 gnolls
  8 adders
  2 shadow imps (D:7)
  A white imp (D:6)
  2 oozes
  2 adder skeletons
  3 worms
  3 dart slugs
  2 leopard geckos
  52 orcs
  8 giant cockroaches
  13 goblins
  19 hobgoblins
  2 jackals (D:3)
  7 kobolds
  8 quokkas
  3 ball pythons
  13 bats
  2 frilled lizards
  A jackal skeleton (D:4)
  A jackal zombie (D:5)
  2 leopard gecko skeletons
  2 quokka skeletons
  20 rats
267 creatures vanquished.

Notes
Turn   | Place    | Note
-------+----------+-------------------------------------------
     0 | D:1      | Metae the Minotaur Fighter began the quest for the Orb.
     0 | D:1      | Reached XP level 1. HP: 19/19 MP: 0/0
   120 | D:1      | Reached XP level 2. HP: 28/28 MP: 1/1
   482 | D:1      | Reached skill level 5 in Fighting
   776 | D:2      | Reached XP level 3. HP: 29/36 MP: 2/2
  1169 | D:2      | Reached skill level 4 in Armour
  1272 | D:2      | Reached XP level 4. HP: 42/44 MP: 3/3
  1841 | D:3      | Found a faded altar of an unknown god.
  2197 | D:3      | Found a glowing silver altar of Zin.
  2610 | D:4      | Reached XP level 5. HP: 48/50 MP: 4/4
  2674 | D:4      | Reached skill level 5 in Armour
  2810 | D:4      | Found Dupn's Assorted Antiques.
  2818 | D:4      | Bought a glowing buckler for 157 gold pieces
  3007 | D:4      | Reached XP level 6. HP: 44/58 MP: 5/5
  3103 | D:4      | Found a shimmering blue altar of Sif Muna.
  3234 | D:4      | Found a glowing golden altar of the Shining One.
  3494 | D:5      | Entered Level 5 of the Dungeon
  3550 | D:5      | Reached skill level 6 in Armour
  3566 | D:5      | Reached XP level 7. HP: 39/67 MP: 6/6
  3570 | D:5      | Found an iron altar of Okawaru.
  3692 | D:5      | Reached skill level 7 in Armour
  3706 | D:5      | Became a worshipper of Warmaster Okawaru
  4153 | D:5      | Reached skill level 8 in Armour
  4261 | D:5      | Found a shadowy altar of Dithmenos.
  4433 | D:6      | Reached XP level 8. HP: 48/78 MP: 7/7
  4451 | D:6      | Reached * piety under Okawaru
  4703 | D:6      | Reached skill level 1 in Invocations
  5119 | D:6      | Found a transporter.
  5119 | D:6      | Found a transporter.
  5124 | D:6      | Noticed a queen bee
  5148 | D:6      | Noticed Daviar's ghost (novice OpHu)
  5157 | D:6      | Noticed a hornet
  5160 | D:6      | Reached skill level 9 in Armour
  5275 | D:6      | Reached skill level 10 in Fighting
  5450 | D:7      | Noticed Harold
  5469 | D:7      | Killed Harold
  5469 | D:7      | Reached ** piety under Okawaru
  5469 | D:7      | Reached *** piety under Okawaru
  5469 | D:7      | Reached skill level 10 in Armour
  5469 | D:7      | Reached XP level 9. HP: 69/86 MP: 9/11
  5628 | D:7      | Found a staircase to the Ecumenical Temple.
  5668 | D:7      | Paralysed by fainting for 8 turns
  5690 | D:7      | Reached skill level 5 in Invocations
  6075 | D:7      | Found a snail-covered altar of Cheibriados.
  6270 | D:8      | Got a jewelled rapier
  6271 | D:8      | Lost intelligence.
  6271 | D:8      | Identified the +2 rapier of Cowardice {holy, rElec rF+
                  | Int-5} (You found it on level 8 of the Dungeon)
  6293 | D:8      | Noticed a troll
  6317 | D:8      | Killed a troll
  6317 | D:8      | Reached skill level 1 in Short Blades
  6561 | D:8      | Noticed a six-headed hydra
  7143 | D:8      | Killed a six-headed hydra
  7143 | D:8      | Reached **** piety under Okawaru
  7143 | D:8      | Reached skill level 11 in Armour
  7143 | D:8      | Reached XP level 10. HP: 92/96 MP: 10/13
  7616 | D:9      | Noticed Matador8's ghost (novice NaFE)
  7628 | D:9      | Found a transporter.
  7700 | D:9      | Found a radiant altar of Vehumet.
  7802 | D:9      | Found a transporter.
  7862 | D:9      | Found an opulent altar of Gozag.
  8147 | D:9      | Found a staircase to the Orcish Mines.
  8153 | Orc:1    | Entered Level 1 of the Orcish Mines
  8601 | Orc:1    | Found a roughly hewn altar of Beogh.
  8634 | Orc:1    | Found a roughly hewn altar of Beogh.
  8724 | Orc:1    | Noticed a cyclops
  8750 | Orc:1    | Killed a cyclops
  8750 | Orc:1    | Reached skill level 5 in Short Blades
  8750 | Orc:1    | Reached skill level 12 in Armour
  8815 | Orc:1    | Found a dark tunnel.
  8827 | Volcano  | Entered a volcano
  8843 | Volcano  | Noticed a centaur warrior
  8847 | Volcano  | Found a bloodstained altar of Trog.
  8859 | Volcano  | Noticed a red draconian
  8868 | Volcano  | HP: 2/96 [yaktaur/bolt (4)]
  9259 | Orc:1    | Noticed Jorgrun
  9274 | Orc:1    | Killed from afar by Jorgrun

Levels and vault maps discovered:
D:1:      ncdulo_lavacross, layout_loops_ring, st_stairs_8,
          kennysheep_decorative_pillar
D:2:      cheibrodos_greedy_goblins, layout_loops_cross, first_ration,
          minmay_rat_hole
D:3:      layout_loops_ring, lemuel_doored_altar,
          chequers_ecumenical_altar_simple_redux, kennysheep_cross_room,
          minmay_misc_feat_iff, kennysheep_potato
D:4:      layout_gridville, lemuel_coloured_pillars_altar, kennysheep_mini_moat,
          serial_shops, shop
D:5:      layout_cave_pools, nicolae_overflow_crystal_walls, okawaru_gym_becter
D:6:      layout_rooms, gammafunk_ghost_hive, minmay_fire_ice_demons
D:7:      layout_loops_ring, nicolae_overflow_hidden_temple,
          minmay_temple_entry_statues, uniq_harold
D:8:      layout_loops_ring
D:9:      layout_rooms, old_standard_altar, old_standard_altar, orc_0_dummy,
          gammafunk_ghost_stat_death
Orc:1:    layout_caves, basic_altar, serial_shops, shop_fountains,
          nicolae_volcano_entry_lava_flow, nicolae_orc_damp_corner,
          minmay_orc_temple_b, uniq_jorgrun

Skill      XL: |  1  2  3  4  5  6  7  8  9 10 |
---------------+-------------------------------+-----
Fighting       | 4 5 6 7 9 10 11 | 11.3
Armour         | 4 5 6 8 10 11 12 | 12.0
Invocations    | 4 6 7 |  7.5
Short Blades   | 3 5 |  5.3
Polearms       | |  2.4
Shields        | |  3.6

Action                   |  1- 3 |  4- 6 |  7- 9 | 10-12 || total
-------------------------+-------+-------+-------+-------++-------
Melee: Trident           |   128 |    40 |       |       ||   168
       Headbutt          |    14 |    29 |    58 |    45 ||   146
       Mace              |       |   122 |       |    19 ||   141
       Flail             |       |       |   279 |   117 ||   396
       Whip              |       |       |       |    27 ||    27
 Fire: Hunting sling     |       |       |     1 |       ||     1
Invok: Heroism           |       |       |     7 |     4 ||    11
  Use: Scroll            |     5 |     2 |     7 |     1 ||    15
       Potion            |       |       |     1 |     1 ||     2
 Stab: Distracted        |     1 |       |       |       ||     1
  Eat: Chunk             |     1 |     5 |    16 |     1 ||    23
       Ration            |       |     1 |     3 |     2 ||     6
Armor: Scale mail        |    65 |    18 |       |       ||    83
       Ring mail         |       |    69 |    10 |       ||    79
       Crystal plate arm |       |       |   326 |   181 ||   507
Dodge: Dodged            |    33 |    62 |   109 |    71 ||   275
Block: Shield            |    63 |    59 |       |       ||   122
       Buckler           |       |    14 |   123 |    79 ||   216
